TOP OF THE 1ST |
Hillsboro Hops batting - Pitching for Tri-City Dust Devils : LHP Juan Lopez
|
Pitching: LHP Juan Lopez
|
|
Batting: RHB Nikita Schram
|
0-0: Ball 1-0: SINGLE (Line Drive, 7S, EV 99.4 MPH)
|
Batting: RHB Dale Young
|
0-0: Ball 1-0: Foul Ball, location: 2F 1-1: Foul Ball, location: 2F 1-2: Ball 2-2: DOUBLE (Flyball, 89XD, EV 102.5 MPH) Nikita Schram to third
|
Batting: RHB Paul Healy
|
0-0: Ball 1-0: Foul Ball, location: 2F 1-1: Foul Ball, location: 2F 1-2: Strikes out swinging
|
Batting: SHB Johnny Diaz
|
0-0: Swinging Strike 0-1: Foul Ball, location: 2F 0-2: Ball 1-2: Foul Ball, location: 2F 1-2: Ball 2-2: Foul Ball, location: 2F 2-2: Strikes out swinging
|
Batting: RHB Mike Dodson
|
0-0: Called Strike 0-1: Ground out 5-3 (Groundball, 56, EV 86.9 MPH)
|
Top of the 1st over - 0 runs, 2 hits, 0 errors, 2 left on base; Hillsboro 0 - Tri-City 0 |
BOTTOM OF THE 1ST |
Tri-City Dust Devils batting - Pitching for Hillsboro Hops : RHP Joe Mulholland
|
Pitching: RHP Joe Mulholland
|
|
Batting: RHB Ben Hoffman
|
0-0: Ball 1-0: Ball 2-0: Ball 3-0: Called Strike 3-1: Base on Balls
|
Batting: SHB Cesar Arteaga
|
0-0: Called Strike Ben Hoffman steals 2nd base 0-1: Ball 1-1: Foul Ball, location: 2F 1-2: Ball 2-2: Ball 3-2: Foul Ball, location: 2F 3-2: Base on Balls
|
Batting: LHB Justin Rankin
|
0-0: Swinging Strike 0-1: Fly out, F7 (Flyball, 7, EV 95.0 MPH)
|
Batting: RHB Deshawn Boseman
|
0-0: Fly out, F8 (Flyball, 8RD, EV 89.4 MPH)
|
Batting: RHB Andy Solorzano
|
0-0: Ball 1-0: Called Strike 1-1: Foul Ball, location: 2F 1-2: Strikes out looking
|
Bottom of the 1st over - 0 runs, 0 hits, 0 errors, 2 left on base; Hillsboro 0 - Tri-City 0 |
TOP OF THE 2ND |
Hillsboro Hops batting - Pitching for Tri-City Dust Devils : LHP Juan Lopez
|
Batting: RHB T.J. Jordan
|
0-0: Ground out U3 (Groundball, 34, EV 86.9 MPH)
|
Batting: RHB Jonathan Underhill
|
0-0: Called Strike 0-1: Fly out, F3 (Line Drive, 34, EV 102.5 MPH)
|
Batting: RHB Orlando Florez
|
0-0: Ground out U3 (Groundball, 34, EV 85.6 MPH)
|
Top of the 2nd over - 0 runs, 0 hits, 0 errors, 0 left on base; Hillsboro 0 - Tri-City 0 |
BOTTOM OF THE 2ND |
Tri-City Dust Devils batting - Pitching for Hillsboro Hops : RHP Joe Mulholland
|
Batting: RHB Pete Deschamps
|
0-0: Ball 1-0: Ball 2-0: Ball 3-0: Ground out 5-3 (Groundball, 56S, EV 88.1 MPH)
|
Batting: LHB Paul Collins
|
0-0: Ball 1-0: Swinging Strike 1-1: Called Strike 1-2: Ball 2-2: Strikes out swinging
|
Batting: LHB Bobby Gambrell
|
0-0: Ball 1-0: Swinging Strike 1-1: Ball 2-1: Ball 3-1: Base on Balls
|
Batting: RHB Pleun Smit
|
0-0: Ball 1-0: Ball Bobby Gambrell is caught stealing 2nd base 2-4
|
Bottom of the 2nd over - 0 runs, 0 hits, 0 errors, 0 left on base; Hillsboro 0 - Tri-City 0 |
TOP OF THE 3RD |
Hillsboro Hops batting - Pitching for Tri-City Dust Devils : LHP Juan Lopez
|
Batting: LHB Ron Mills
|
0-0: Ball 1-0: Ball 2-0: Foul Ball, location: 2F 2-1: Swinging Strike 2-2: Fly out, F7 (Line Drive, 78M, EV 95.0 MPH)
|
Batting: RHB Nikita Schram
|
0-0: Called Strike 0-1: Swinging Strike 0-2: Strikes out swinging
|
Batting: RHB Dale Young
|
0-0: Ball 1-0: Ball 2-0: Called Strike 2-1: Swinging Strike 2-2: Fly out, F4 (Line Drive, 4, EV 64.4 MPH)
|
Top of the 3rd over - 0 runs, 0 hits, 0 errors, 0 left on base; Hillsboro 0 - Tri-City 0 |
BOTTOM OF THE 3RD |
Tri-City Dust Devils batting - Pitching for Hillsboro Hops : RHP Joe Mulholland
|
Batting: RHB Pleun Smit
|
0-0: Called Strike 0-1: Ball 1-1: Ball 2-1: Ball 3-1: Foul Ball, location: 2F 3-2: SINGLE (Groundball, 5L, EV 107.5 MPH) (infield hit)
|
Batting: RHB Ben Hoffman
|
0-0: Grounds into double play, 5-4-3 (Groundball, 56, EV 100.0 MPH)
|
Batting: SHB Cesar Arteaga
|
0-0: Ball 1-0: Swinging Strike 1-1: Ball 2-1: Foul Ball, location: 2F 2-2: Ground out 4-3 (Groundball, 34D, EV 101.2 MPH)
|
Bottom of the 3rd over - 0 runs, 1 hit, 0 errors, 0 left on base; Hillsboro 0 - Tri-City 0 |
TOP OF THE 4TH |
Hillsboro Hops batting - Pitching for Tri-City Dust Devils : LHP Juan Lopez
|
Batting: RHB Paul Healy
|
0-0: Swinging Strike 0-1: Swinging Strike 0-2: Strikes out swinging
|
Batting: SHB Johnny Diaz
|
0-0: Called Strike 0-1: Swinging Strike 0-2: Fly out, F4 (Popup, 4S, EV 88.1 MPH)
|
Batting: RHB Mike Dodson
|
0-0: Ball 1-0: Foul Ball, location: 2F 1-1: Swinging Strike 1-2: Ball 2-2: Foul Ball, location: 2F 2-2: Ball 3-2: Strikes out swinging
|
Top of the 4th over - 0 runs, 0 hits, 0 errors, 0 left on base; Hillsboro 0 - Tri-City 0 |
BOTTOM OF THE 4TH |
Tri-City Dust Devils batting - Pitching for Hillsboro Hops : RHP Joe Mulholland
|
Batting: LHB Justin Rankin
|
0-0: Ball 1-0: Called Strike 1-1: Foul Ball, location: 2F 1-2: Ball 2-2: Strikes out swinging
|
Batting: RHB Deshawn Boseman
|
0-0: Foul Ball, location: 2F 0-1: Foul Ball, location: 2F 0-2: Ball 1-2: Strikes out looking
|
Batting: RHB Andy Solorzano
|
0-0: Swinging Strike 0-1: Ball 1-1: Ground out 6-3 (Groundball, 6, EV 90.6 MPH)
|
Bottom of the 4th over - 0 runs, 0 hits, 0 errors, 0 left on base; Hillsboro 0 - Tri-City 0 |
TOP OF THE 5TH |
Hillsboro Hops batting - Pitching for Tri-City Dust Devils : LHP Juan Lopez
|
Batting: RHB T.J. Jordan
|
0-0: Ball 1-0: DOUBLE (Line Drive, 5D, EV 100.0 MPH)
|
Batting: RHB Jonathan Underhill
|
0-0: Ball 1-0: Ground out U3 (Groundball, 3S, EV 67.5 MPH) T.J. Jordan to third
|
Batting: RHB Orlando Florez
|
0-0: Swinging Strike 0-1: Ball 1-1: SINGLE (Groundball, 4D, EV 93.8 MPH) T.J. Jordan scores
|
Batting: LHB Ron Mills
|
0-0: Ball 1-0: Swinging Strike 1-1: Ball 2-1: Foul Ball, location: 2F 2-2: Fly out, F8 (Line Drive, 8LM, EV 92.5 MPH)
|
Batting: RHB Nikita Schram
|
0-0: Ball Orlando Florez steals 2nd base 1-0: Ball 2-0: Called Strike 2-1: Ball Balk! Orlando Florez to third 3-1: Base on Balls
|
Batting: RHB Dale Young
|
0-0: Ball 1-0: Ball 2-0: Called Strike 2-1: Foul Ball, location: 2F 2-2: Foul Ball, location: 2F 2-2: Strikes out looking
|
Top of the 5th over - 1 run, 2 hits, 0 errors, 2 left on base; Hillsboro 1 - Tri-City 0 |
BOTTOM OF THE 5TH |
Tri-City Dust Devils batting - Pitching for Hillsboro Hops : RHP Joe Mulholland
|
Batting: RHB Pete Deschamps
|
0-0: Ground out U3 (Groundball, 34, EV 91.2 MPH)
|
Batting: LHB Paul Collins
|
0-0: Foul Ball, location: 2F 0-1: Fly out, F8 (Flyball, 8LXD, EV 104.4 MPH)
|
Batting: LHB Bobby Gambrell
|
0-0: Called Strike 0-1: Ball 1-1: Ground out U3 (Groundball, 3, EV 85.6 MPH)
|
Bottom of the 5th over - 0 runs, 0 hits, 0 errors, 0 left on base; Hillsboro 1 - Tri-City 0 |
TOP OF THE 6TH |
Hillsboro Hops batting - Pitching for Tri-City Dust Devils : LHP Juan Lopez
|
Batting: RHB Paul Healy
|
0-0: Ball 1-0: Fly out, F7 (Flyball, 7LSF, EV 83.1 MPH)
|
Batting: SHB Johnny Diaz
|
0-0: Ball 1-0: Swinging Strike 1-1: Ball 2-1: Ball 3-1: Base on Balls
|
Batting: RHB Mike Dodson
|
0-0: Foul Ball, location: 2F 0-1: Foul Ball, location: 2F 0-2: Ball 1-2: Strikes out swinging
|
Batting: RHB T.J. Jordan
|
0-0: Ball Johnny Diaz is caught stealing 2nd base 2-4
|
Top of the 6th over - 0 runs, 0 hits, 0 errors, 0 left on base; Hillsboro 1 - Tri-City 0 |
BOTTOM OF THE 6TH |
Tri-City Dust Devils batting - Pitching for Hillsboro Hops : RHP Joe Mulholland
|
Batting: RHB Pleun Smit
|
0-0: Ball 1-0: Called Strike 1-1: Foul Ball, location: 2F 1-2: Ball 2-2: Strikes out swinging
|
Batting: RHB Ben Hoffman
|
0-0: Ball 1-0: Ball 2-0: Called Strike 2-1: Swinging Strike 2-2: Ball 3-2: Foul Ball, location: 2F 3-2: Strikes out looking
|
Batting: SHB Cesar Arteaga
|
0-0: Ball 1-0: Ball 2-0: Ground out 5-3 (Groundball, 56S, EV 82.5 MPH)
|
Bottom of the 6th over - 0 runs, 0 hits, 0 errors, 0 left on base; Hillsboro 1 - Tri-City 0 |
TOP OF THE 7TH |
Hillsboro Hops batting - Pitching for Tri-City Dust Devils : LHP Juan Lopez
|
Batting: RHB T.J. Jordan
|
0-0: Ball 1-0: DOUBLE (Line Drive, 78M, EV 98.8 MPH)
|
Batting: RHB Jonathan Underhill
|
0-0: Intentional Walk
|
Batting: RHB Orlando Florez
|
0-0: Ball 1-0: Ball 2-0: Grounds into double play, 4-6-3 (Groundball, 4, EV 80.0 MPH) T.J. Jordan to third
|
Batting: LHB Ron Mills
|
0-0: Called Strike 0-1: Called Strike 0-2: Ball 1-2: Ball 2-2: SINGLE (Groundball, 34D, EV 95.0 MPH) T.J. Jordan scores
|
Batting: RHB Nikita Schram
|
0-0: Called Strike 0-1: Ball 1-1: Ball 2-1: Ball 3-1: Foul Ball, location: 2F 3-2: Foul Ball, location: 2F 3-2: Base on Balls Ron Mills to second
|
Batting: RHB Dale Young
|
0-0: Foul Ball, location: 2F 0-1: Swinging Strike 0-2: Strikes out looking
|
Top of the 7th over - 1 run, 2 hits, 0 errors, 2 left on base; Hillsboro 2 - Tri-City 0 |
BOTTOM OF THE 7TH |
Tri-City Dust Devils batting - Pitching for Hillsboro Hops : RHP Joe Mulholland
|
Batting: LHB Justin Rankin
|
0-0: SOLO HOME RUN (Flyball, 78XD, EV 96.9 MPH), Distance : 387 ft
|
Batting: RHB Deshawn Boseman
|
0-0: Foul Ball, location: 2F 0-1: Foul Ball, location: 2F 0-2: Ball 1-2: Foul Ball, location: 2F 1-2: Ball 2-2: Ball 3-2: Base on Balls
|
Batting: RHB Andy Solorzano
|
0-0: Grounds into double play, 6-4-3 (Groundball, 6, EV 102.5 MPH)
|
Batting: RHB Pete Deschamps
|
0-0: Foul Ball, location: 2F 0-1: Ball 1-1: SINGLE (Flyball, 8LS, EV 93.1 MPH)
|
Pitching: LHP Sam Davis
|
|
Pinch Hitting: RHB Yuusei Narita
|
0-0: Ball 1-0: Foul Ball, location: 2F 1-1: Fielders Choice at 2nd, 4-6 (Groundball, 4MD, EV 105.0 MPH)
|
Bottom of the 7th over - 1 run, 2 hits, 0 errors, 1 left on base; Hillsboro 2 - Tri-City 1 |
TOP OF THE 8TH |
Hillsboro Hops batting - Pitching for Tri-City Dust Devils : LHP Juan Lopez
|
Now in LF: Blake Abbott
|
|
Batting: RHB Paul Healy
|
0-0: Called Strike 0-1: SINGLE (Groundball, 15S, EV 75.6 MPH) (infield hit)
|
Pitching: RHP Jake Gregor
|
|
Batting: SHB Johnny Diaz
|
0-0: Ball 1-0: Called Strike 1-1: Foul Ball, location: 2F 1-2: Strikes out swinging
|
Batting: RHB Mike Dodson
|
0-0: Called Strike 0-1: Called Strike 0-2: Ball Wild Pitch! Paul Healy to second 1-2: Foul Ball, location: 2F 1-2: Foul Ball, location: 2F 1-2: Foul Ball, location: 2F 1-2: 2-RUN HOME RUN (Line Drive, 7LD, EV 95.0 MPH), Distance : 352 ft
|
Batting: RHB T.J. Jordan
|
0-0: Ball 1-0: Ground out 5-3 (Groundball, 56, EV 80.6 MPH)
|
Batting: RHB Jonathan Underhill
|
0-0: Swinging Strike 0-1: Ball 1-1: Called Strike 1-2: Ball 2-2: Ball 3-2: Strikes out swinging
|
Top of the 8th over - 2 runs, 2 hits, 0 errors, 0 left on base; Hillsboro 4 - Tri-City 1 |
BOTTOM OF THE 8TH |
Tri-City Dust Devils batting - Pitching for Hillsboro Hops : LHP Sam Davis
|
Batting: LHB Bobby Gambrell
|
0-0: Called Strike 0-1: Ball 1-1: Ball 2-1: Foul Ball, location: 2F 2-2: TRIPLE (Flyball, 8RXD, EV 103.1 MPH)
|
Batting: RHB Pleun Smit
|
0-0: Foul Ball, location: 2F 0-1: Fly out, F9 (Flyball, 9D, EV 88.8 MPH) Runner from 3rd tags up, SCORES, throw by RF
|
Batting: RHB Ben Hoffman
|
0-0: Called Strike 0-1: Ball 1-1: Foul Ball, location: 2F 1-2: Strikes out swinging
|
Batting: SHB Cesar Arteaga
|
0-0: SINGLE (Groundball, 56D, EV 106.2 MPH)
|
Batting: LHB Justin Rankin
|
0-0: Ball 1-0: Called Strike 1-1: Ball 2-1: Ball 3-1: Foul Ball, location: 2F 3-2: Ground out 4-3 (Groundball, 34, EV 78.8 MPH)
|
Bottom of the 8th over - 1 run, 2 hits, 0 errors, 1 left on base; Hillsboro 4 - Tri-City 2 |
TOP OF THE 9TH |
Hillsboro Hops batting - Pitching for Tri-City Dust Devils : RHP Jake Gregor
|
Pinch Hitting: LHB Tomohiro Yokoyama
|
0-0: Called Strike 0-1: Swinging Strike 0-2: Strikes out swinging
|
Batting: LHB Ron Mills
|
0-0: Called Strike 0-1: Ground out U3 (Groundball, 34, EV 105.0 MPH)
|
Batting: RHB Nikita Schram
|
0-0: Called Strike 0-1: Called Strike 0-2: Ball 1-2: Strikes out swinging
|
Top of the 9th over - 0 runs, 0 hits, 0 errors, 0 left on base; Hillsboro 4 - Tri-City 2 |
BOTTOM OF THE 9TH |
Tri-City Dust Devils batting - Pitching for Hillsboro Hops : LHP Sam Davis
|
Pitching: RHP John Meyer
|
|
Now at 1B: Antonio Luisa
|
|
Now at 3B: Josh Kirk
|
|
Now at SS: Ryuki Ogasawara
|
|
Batting: RHB Deshawn Boseman
|
0-0: Called Strike 0-1: Fly out, F5 (Popup, 56S, EV 70.0 MPH)
|
Batting: RHB Andy Solorzano
|
0-0: Ball 1-0: Ball 2-0: Ball 3-0: Swinging Strike 3-1: Called Strike 3-2: Foul Ball, location: 2F 3-2: Foul Ball, location: 2F 3-2: Base on Balls
|
Batting: RHB Pete Deschamps
|
0-0: Hit by Pitch Andy Solorzano to second
|
Batting: SHB Blake Abbott
|
0-0: Called Strike 0-1: Called Strike 0-2: Ball 1-2: Fly out, F8 (Flyball, 8LM, EV 95.6 MPH)
|
Batting: LHB Bobby Gambrell
|
0-0: Ball 1-0: Ball 2-0: Ball 3-0: Base on Balls Andy Solorzano to third Pete Deschamps to second
|
Pinch Hitting: RHB Hector Fernandez
|
0-0: Ball 1-0: Foul Ball, location: 2F 1-1: Ball 2-1: Ball 3-1: Swinging Strike 3-2: Strikes out looking
|
Bottom of the 9th over - 0 runs, 0 hits, 0 errors, 3 left on base; Hillsboro 4 - Tri-City 2 |
|